MWL (24 & UNDER)
MANHATTEN MEATHEADS @ GRIM REAPERS
09/19/2029
 
TOP OF THE 1ST
Manhatten Meatheads batting - Pitching for Grim Reapers : RHP Harry Robinson
Pitching: RHP Harry Robinson
Batting: LHB Wayne Rogers 0-0: Ball
1-0: Ball
2-0: Ground out 6-3 (Groundball, 6M)
Batting: RHB César Castillo 0-0: Ball
1-0: Foul Ball, location: 2F
1-1: Fly out, F6 (Popup, 6M)
Batting: LHB Miguel Pérez 0-0: Called Strike
0-1: SINGLE (Groundball, 56) (infield hit)
Batting: RHB Vicente Guerra 0-0: Called Strike
0-1: Ball
1-1: Foul Ball, location: 2F
1-2: Strikes out looking
Top of the 1st over - 0 runs, 1 hit, 0 errors, 1 left on base; Manhatten 0 - Grim 0
BOTTOM OF THE 1ST
Grim Reapers batting - Pitching for Manhatten Meatheads : RHP Diego Martínez
Pitching: RHP Diego Martínez
Batting: RHB Sandro Hernández 0-0: Called Strike
0-1: Called Strike
0-2: Foul Ball, location: 2F
0-2: Ball
1-2: Ball
2-2: Ball
3-2: Base on Balls
Batting: RHB Jesús Pérez 0-0: Foul Ball, location: 2F
0-1: Foul Ball, location: 2F
0-2: Ball
1-2: Foul Ball, location: 2F
1-2: Ball
2-2: Ball
3-2: Ground out 4-3 (Groundball, 34)
Sandro Hernández to second
Batting: RHB Mario Barker 0-0: Ball
1-0: Ball
2-0: Called Strike
2-1: Foul Ball, location: 2F
2-2: Foul Ball, location: 2F
2-2: Fly out, F6 (Line Drive, 6)
Lined into DP, 6-4 (Line Drive, 6)
Bottom of the 1st over - 0 runs, 0 hits, 0 errors, 0 left on base; Manhatten 0 - Grim 0
TOP OF THE 2ND
Manhatten Meatheads batting - Pitching for Grim Reapers : RHP Rafael Sánchez
Pitching: RHP Rafael Sánchez
Batting: LHB Eric Dillard 0-0: Called Strike
0-1: Ball
1-1: Ball
2-1: Ball
3-1: Base on Balls
Batting: RHB Juan Blanco 0-0: Hit by Pitch
Eric Dillard to second
Batting: RHB Wayne Scott 0-0: Ball
1-0: Foul Ball, location: 2F
1-1: Ball
2-1: Swinging Strike
2-2: Strikes out swinging
Batting: RHB Santiago Díaz 0-0: Swinging Strike
0-1: Ball
1-1: Ball
2-1: Swinging Strike
2-2: Foul Ball, location: 2F
2-2: Strikes out swinging
Batting: RHB Ronald Cleveland 0-0: Ground out 1-3 (Groundball, P)
Top of the 2nd over - 0 runs, 0 hits, 0 errors, 2 left on base; Manhatten 0 - Grim 0
BOTTOM OF THE 2ND
Grim Reapers batting - Pitching for Manhatten Meatheads : RHP Diego Martínez
Batting: RHB Juan Ortega 0-0: Called Strike
0-1: Foul Ball, location: 2F
0-2: Ball
1-2: Strikes out swinging
Batting: SHB Sean Moody 0-0: Ground out 6-3 (Groundball, 6)
Batting: RHB Joel Hebert 0-0: Called Strike
0-1: Swinging Strike
0-2: Strikes out looking
Bottom of the 2nd over - 0 runs, 0 hits, 0 errors, 0 left on base; Manhatten 0 - Grim 0
TOP OF THE 3RD
Manhatten Meatheads batting - Pitching for Grim Reapers : RHP Rafael Sánchez
Batting: LHB Wayne Rogers 0-0: Ground out 6-3 (Groundball, 6)
Batting: RHB César Castillo 0-0: Ball
1-0: Ball
2-0: Ball
3-0: Base on Balls
Batting: LHB Miguel Pérez 0-0: Called Strike
0-1: Ball
1-1: Ball
2-1: Ball
3-1: Foul Ball, location: 2F
3-2: Foul Ball, location: 2F
3-2: SINGLE (Flyball, 7LS)
César Castillo to second
César Castillo to third
Batting: RHB Vicente Guerra 0-0: Grounds into double play, 5-4-3 (Groundball, 5)
Top of the 3rd over - 0 runs, 1 hit, 0 errors, 1 left on base; Manhatten 0 - Grim 0
BOTTOM OF THE 3RD
Grim Reapers batting - Pitching for Manhatten Meatheads : RHP Diego Martínez
Batting: RHB Júlio Núńez 0-0: Ball
1-0: Ball
2-0: Ball
3-0: Called Strike
3-1: Base on Balls
Batting: RHB Esteban Concepción 0-0: Swinging Strike
0-1: 2-RUN HOME RUN (Flyball, 8LXD), Distance : 421 ft
Batting: RHB Domingo Salinas 0-0: Ball
1-0: SINGLE (Groundball, 6MD)
Batting: RHB Sandro Hernández 0-0: Ball
1-0: Called Strike
1-1: Ball
2-1: SINGLE (Groundball, 4D)
Domingo Salinas to second
Batting: RHB Jesús Pérez 0-0: Ball
1-0: Called Strike
1-1: Ball
2-1: Ball
3-1: Called Strike
3-2: SINGLE (Groundball, 6S) (infield hit)
Domingo Salinas to third
Sandro Hernández to second
Batting: RHB Mario Barker 0-0: Ball
1-0: Ball
2-0: Ball
3-0: Called Strike
3-1: Grounds into double play, 4-2-3 (Groundball, 4)
Sandro Hernández to third
Jesús Pérez to second
Batting: RHB Juan Ortega 0-0: Fly out, F8 (Flyball, 89D)
Bottom of the 3rd over - 2 runs, 4 hits, 0 errors, 2 left on base; Manhatten 0 - Grim 2
TOP OF THE 4TH
Manhatten Meatheads batting - Pitching for Grim Reapers : RHP Rafael Sánchez
Batting: LHB Eric Dillard 0-0: Called Strike
0-1: Ball
1-1: Foul Ball, location: 2F
1-2: Foul Ball, location: 2F
1-2: Fly out, F9 (Line Drive, 9)
Batting: RHB Juan Blanco 0-0: Ball
1-0: Swinging Strike
1-1: Ball
2-1: Fly out, F8 (Flyball, 8RS)
Batting: RHB Wayne Scott 0-0: Ball
1-0: Ball
2-0: Foul Ball, location: 2F
2-1: Foul Ball, location: 2F
2-2: Strikes out looking
Top of the 4th over - 0 runs, 0 hits, 0 errors, 0 left on base; Manhatten 0 - Grim 2
BOTTOM OF THE 4TH
Grim Reapers batting - Pitching for Manhatten Meatheads : RHP Diego Martínez
Batting: SHB Sean Moody 0-0: Ball
1-0: Ball
2-0: Ball
3-0: Called Strike
3-1: Foul Ball, location: 2F
3-2: Ground out 3-1 (Groundball, 34)
Batting: RHB Joel Hebert 0-0: Ground out 4-3 (Groundball, 4S)
Batting: RHB Júlio Núńez 0-0: Called Strike
0-1: Ball
1-1: Foul Ball, location: 2F
1-2: Foul Ball, location: 2F
1-2: Fly out, F7 (Line Drive, 7D)
Bottom of the 4th over - 0 runs, 0 hits, 0 errors, 0 left on base; Manhatten 0 - Grim 2
TOP OF THE 5TH
Manhatten Meatheads batting - Pitching for Grim Reapers : RHP Rafael Sánchez
Batting: RHB Santiago Díaz 0-0: Ball
1-0: Foul Ball, location: 2F
1-1: Ball
2-1: Ball
3-1: Called Strike
3-2: Ground out 6-3 (Groundball, 6S)
Batting: RHB Ronald Cleveland 0-0: Ball
1-0: Ball
2-0: Swinging Strike
2-1: Foul Ball, location: 2F
2-2: Ball
3-2: Strikes out swinging
Batting: LHB Wayne Rogers 0-0: Ball
1-0: Ball
2-0: Ball
3-0: Swinging Strike
3-1: Called Strike
3-2: Base on Balls
Pitching: RHP Bob Thompson
Batting: RHB César Castillo 0-0: Called Strike
Wayne Rogers steals 2nd base
0-1: Foul Ball, location: 2F
0-2: Strikes out looking
Top of the 5th over - 0 runs, 0 hits, 0 errors, 1 left on base; Manhatten 0 - Grim 2
BOTTOM OF THE 5TH
Grim Reapers batting - Pitching for Manhatten Meatheads : RHP Diego Martínez
Batting: RHB Esteban Concepción 0-0: Called Strike
0-1: Ball
1-1: Called Strike
1-2: Foul Ball, location: 2F
1-2: Fly out, F8 (Flyball, 78M)
Batting: RHB Domingo Salinas 0-0: Foul Ball, location: 2F
0-1: SINGLE (Groundball, 34D)
Pitching: LHP Tim Burrell
Batting: RHB Sandro Hernández 0-0: Ball
1-0: Ball
2-0: Called Strike
2-1: Ball
3-1: Base on Balls
Domingo Salinas to second
Batting: RHB Jesús Pérez 0-0: Ball
1-0: Ball
2-0: SINGLE (Flyball, 7S)
Domingo Salinas to third
Sandro Hernández to second
Runner from 3rd tries for Home, SAFE, throw made home
Batting: RHB Mario Barker 0-0: Ground out 3-1 (Groundball, 34S)
Sandro Hernández to third
Jesús Pérez to second
Batting: RHB Juan Ortega 0-0: Foul Ball, location: 2F
0-1: Ball
1-1: Foul Ball, location: 2F
1-2: SINGLE (Line Drive, 89M)
Sandro Hernández scores
Jesús Pérez to third
Runner from 3rd tries for Home, SAFE, no throw
Batting: SHB Sean Moody 0-0: Ball
1-0: Foul Ball, location: 2F
1-1: Called Strike
1-2: Ball
Throwing error on steal attempt, E2
Juan Ortega to third
2-2: Ball
3-2: Foul Ball, location: 2F
3-2: Foul Ball, location: 2F
3-2: Foul Ball, location: 2F
3-2: Base on Balls
Batting: RHB Joel Hebert 0-0: Called Strike
0-1: Ball
1-1: DOUBLE (Flyball, 89D)
Juan Ortega scores
Sean Moody to third
Batting: RHB Júlio Núńez 0-0: Swinging Strike
0-1: Ground out 6-3 (Groundball, 6)
Bottom of the 5th over - 4 runs, 4 hits, 1 error, 2 left on base; Manhatten 0 - Grim 6
TOP OF THE 6TH
Manhatten Meatheads batting - Pitching for Grim Reapers : RHP Bob Thompson
Batting: LHB Miguel Pérez 0-0: Called Strike
0-1: Ball
1-1: Ball
2-1: Ball
3-1: Called Strike
3-2: Strikes out looking
Batting: RHB Vicente Guerra 0-0: Fly out, F8 (Flyball, 8RM)
Batting: LHB Eric Dillard 0-0: Called Strike
0-1: Called Strike
0-2: Strikes out swinging
Top of the 6th over - 0 runs, 0 hits, 0 errors, 0 left on base; Manhatten 0 - Grim 6
BOTTOM OF THE 6TH
Grim Reapers batting - Pitching for Manhatten Meatheads : LHP Tim Burrell
Batting: RHB Esteban Concepción 0-0: Ball
1-0: Ground out 5-3 (Groundball, 5L)
Batting: RHB Domingo Salinas 0-0: Swinging Strike
0-1: Ball
1-1: Ball
2-1: Foul Ball, location: 2F
2-2: Strikes out swinging
Batting: RHB Sandro Hernández 0-0: Fly out, F9 (Flyball, 9)
Bottom of the 6th over - 0 runs, 0 hits, 0 errors, 0 left on base; Manhatten 0 - Grim 6
TOP OF THE 7TH
Manhatten Meatheads batting - Pitching for Grim Reapers : RHP Bob Thompson
Batting: RHB Juan Blanco 0-0: Called Strike
0-1: Ball
1-1: Fly out, F9 (Flyball, 9S)
Batting: RHB Wayne Scott 0-0: Ball
1-0: Ball
2-0: Ball
3-0: Called Strike
3-1: Foul Ball, location: 2F
3-2: Foul Ball, location: 2F
3-2: Strikes out looking
Batting: RHB Santiago Díaz 0-0: Ball
1-0: Ball
2-0: Foul Ball, location: 2F
2-1: Swinging Strike
2-2: Foul Ball, location: 2F
2-2: Foul Ball, location: 2F
2-2: Ground out 6-3 (Groundball, 6)
Top of the 7th over - 0 runs, 0 hits, 0 errors, 0 left on base; Manhatten 0 - Grim 6
BOTTOM OF THE 7TH
Grim Reapers batting - Pitching for Manhatten Meatheads : LHP Tim Burrell
Batting: RHB Jesús Pérez 0-0: Ball
1-0: Called Strike
1-1: Foul Ball, location: 2F
1-2: Strikes out swinging
Batting: RHB Mario Barker 0-0: Called Strike
0-1: Called Strike
0-2: Strikes out looking
Batting: RHB Juan Ortega 0-0: Swinging Strike
0-1: Ground out U3 (Groundball, 34)
Bottom of the 7th over - 0 runs, 0 hits, 0 errors, 0 left on base; Manhatten 0 - Grim 6
TOP OF THE 8TH
Manhatten Meatheads batting - Pitching for Grim Reapers : RHP Bob Thompson
Batting: RHB Ronald Cleveland 0-0: Called Strike
0-1: Ball
1-1: Ball
2-1: Called Strike
2-2: Strikes out looking
Batting: LHB Wayne Rogers 0-0: Swinging Strike
0-1: Ball
1-1: Foul Ball, location: 2F
1-2: Strikes out looking
Batting: RHB César Castillo 0-0: SINGLE (Line Drive, 4D)
Batting: LHB Miguel Pérez 0-0: Swinging Strike
0-1: Ball
1-1: Ball
2-1: Foul Ball, location: 2F
2-2: Ball
3-2: Base on Balls
César Castillo to second
Batting: RHB Vicente Guerra 0-0: Called Strike
0-1: Ball
1-1: Ball
2-1: Ball
3-1: Base on Balls
César Castillo to third
Miguel Pérez to second
Batting: LHB Eric Dillard 0-0: Ball
1-0: Called Strike
1-1: SINGLE (Groundball, 34D)
César Castillo scores
Miguel Pérez to third
Vicente Guerra to second
Runner from 3rd tries for Home, SAFE, no throw
Pitching: RHP Will Brown
Batting: RHB Juan Blanco 0-0: Ball
1-0: Ball
2-0: Called Strike
2-1: Foul Ball, location: 2F
2-2: Strikes out swinging
Top of the 8th over - 2 runs, 2 hits, 0 errors, 2 left on base; Manhatten 2 - Grim 6
BOTTOM OF THE 8TH
Grim Reapers batting - Pitching for Manhatten Meatheads : LHP Tim Burrell
Pitching: RHP Gerardo Medina
Batting: SHB Sean Moody 0-0: Called Strike
0-1: Ball
1-1: Ball
2-1: Ball
3-1: Called Strike
3-2: Base on Balls
Batting: RHB Joel Hebert 0-0: Ball
1-0: Ball
2-0: DOUBLE (Line Drive, 78M)
Sean Moody to third
Batting: RHB Júlio Núńez 0-0: Called Strike
0-1: Ball
1-1: Ball
2-1: Foul Ball, location: 2F
2-2: Foul Ball, location: 2F
2-2: Ball
3-2: 3-RUN HOME RUN (Flyball, 7D), Distance : 402 ft
Batting: RHB Esteban Concepción 0-0: Ball
1-0: Fly out, F9 (Flyball, 89M)
Batting: RHB Domingo Salinas 0-0: Called Strike
0-1: Fly out, F7 (Flyball, 78M)
Batting: RHB Sandro Hernández 0-0: SINGLE (Groundball, 6MD)
Batting: RHB Jesús Pérez 0-0: Ball
1-0: Ball
2-0: Swinging Strike
2-1: Foul Ball, location: 2F
2-2: Foul Ball, location: 2F
2-2: Ball
3-2: Strikes out swinging
Bottom of the 8th over - 3 runs, 3 hits, 0 errors, 1 left on base; Manhatten 2 - Grim 9
TOP OF THE 9TH
Manhatten Meatheads batting - Pitching for Grim Reapers : RHP Will Brown
Now at 1B: Marcos Fontanez
Batting: RHB Wayne Scott 0-0: Ball
1-0: Called Strike
1-1: Ball
2-1: Ball
3-1: Called Strike
3-2: SINGLE (Line Drive, 9S)
Batting: RHB Santiago Díaz 0-0: Ball
1-0: Foul Ball, location: 2F
1-1: Grounds into double play, 4-6-3 (Groundball, 4)
Batting: RHB Ronald Cleveland 0-0: Foul Ball, location: 2F
0-1: Ball
1-1: SINGLE (Groundball, 34D)
Batting: LHB Wayne Rogers 0-0: Ball
1-0: Ground out 1-3 (Groundball, 13S)
Top of the 9th over - 0 runs, 2 hits, 0 errors, 1 left on base; Manhatten 2 - Grim 9
Saturday, December 16th, 2017 - OOTP Baseball 18.8 Build 76